 Dungeon Crawl Stone Soup version 0.30.1 (webtiles) character file.

Game seed: 10514120656547732972

231008 Graphine the Warrior (level 19, -3/185 HPs)
             Began as a Hill Orc Fighter on July 5, 2023.
             Was a Follower of Yredelemnul.
             Killed from afar by a storm dragon (24 damage)
             ... with a bolt of lightning
             ... on level 4 of the Shoals.
             The game lasted 02:02:26 (32899 turns).

Graphine the Warrior (Hill Orc Fighter)            Turns: 32899, Time: 02:02:29

Health: -3/185     AC: 29    Str: 32    XL:     19   Next: 49%
Magic:  23/33      EV:  7    Int: 11    God:    Yredelemnul [*.....]
Gold:   2217       SH: 14    Dex: 16    Spells: 23/23 levels left

rFire   + . .        P - +5 demon trident "Nuficlec" {flame, Dex+4}
rCold   + . .        g - +0 kite shield
rNeg    + . .        K - +0 crystal plate armour
rPois   +            H - +0 hat {Int+3}
rElec   .            W - scarf of Xuer {rC+ rF+, rN+ Str+2 SInv}
rCorr   +            E - +1 pair of gloves {Str+3}
SInv    +            e - +0 pair of boots
Will    ++++.        x - amulet "Wanwyuce" {Acrobat Fragile Will+++ rCorr Dex+2} Stlth
                     I - +4 ring of slaying
HPRegen 0.50/turn    h - ring of poison resistance
MPRegen 0.23/turn

%: acrobat
@: about to teleport, studying Short Blades
A: no striking features
}: 1/15 runes: gossamer
a: Renounce Religion, Recall Undead Harvest


You were on level 4 of the Shoals.
You worshipped Yredelemnul.
Yredelemnul was greatly pleased with you.
You visited 5 branches of the dungeon, and saw 30 of its levels.
You also visited: Bailey.

You collected 3978 gold pieces.
You spent 1761 gold pieces at shops.

Inventory:

Hand Weapons
 a - a +1 war axe of venom
 b - a +0 broad axe of protection
 z - the +1 executioner's axe "Mojoclaq" {flame, rF+ Int+4 Dex+4}
   (You found it in a bailey)

   Int:       It affects your intelligence (+4).
   Dex:       It affects your dexterity (+4).
   rF:        It protects you from fire.
 P - the +5 demon trident "Nuficlec" (weapon) {flame, Dex+4}
   (You found it on level 10 of the Dungeon)

   Dex:       It affects your dexterity (+4).
Missiles
 f - 4 throwing nets (quivered)
Armour
 e - a +0 pair of boots (worn)
 g - a +0 kite shield (worn)
 y - a +2 cloak of preservation
 D - a scarf of invisibility
 E - a +1 pair of gloves of strength (worn)
 H - a +0 hat of intelligence (worn)
 K - a +0 crystal plate armour (worn)
 W - the scarf of Xuer (worn) {rC+ rF+, rN+ Str+2 SInv}
   (You bought it in a shop on level 1 of the Orcish Mines)

   Str:       It affects your strength (+2).
   rN:        It protects you from negative energy.
   SInv:      It lets you see invisible.
Jewellery
 h - a ring of poison resistance (right hand)
 i - an amulet of reflection
 u - a ring of positive energy
 v - the ring "Irieg" {Fire rPois}
   (You found it on level 3 of the Spider Nest)

   [ring of fire]

   It enhances your fire magic.
   rF:        It protects you from fire.
   rC:        It makes you vulnerable to cold.
   rPois:     It protects you from poison.
 x - the amulet "Wanwyuce" (around neck) {Acrobat Fragile Will+++ rCorr Dex+2}
   (You found it on level 6 of the Dungeon)

   [amulet of the acrobat]

   It increases your evasion while moving and waiting.
   Dex:       It affects your dexterity (+2).
   rCorr:     It protects you from acid and corrosion.
   Fragile:   It will be destroyed if unequipped.
   Will:      It greatly increases your willpower.
 I - a +4 ring of slaying (left hand)
 U - the ring of Ojuiwyun {+Blink rPois rC+ MP-9 Dex-5}
   (You took it off a merfolk on level 4 of the Shoals)

   [ring of protection from cold]

   Dex:       It affects your dexterity (-5).
   rC:        It protects you from cold.
   rPois:     It protects you from poison.
   MP:        It affects your magic capacity (-9).
   +Blink:    It lets you blink.
Wands
 M - a wand of acid (8)
 O - a wand of charming (13)
 S - a wand of polymorph (4)
 X - a wand of roots (9)
Scrolls
 k - 8 scrolls of enchant weapon
 l - 2 scrolls of blinking
 o - 3 scrolls of poison
 r - 5 scrolls of amnesia
 t - 11 scrolls of teleportation
 w - 3 scrolls of fog
 A - a scroll of noise
 L - 2 scrolls of enchant armour
 N - 15 scrolls of identify
 Q - a scroll of fear
 Y - 2 scrolls of butterflies
Potions
 c - a potion of cancellation
 d - 3 potions of magic
 j - 9 potions of curing
 m - 2 potions of heal wounds
 q - 9 potions of brilliance
 B - 3 potions of attraction
 C - 2 potions of flight
 F - 3 potions of mutation
 G - a potion of might
 J - 13 potions of ambrosia
 R - 3 potions of haste
 Z - a potion of berserk rage
Miscellaneous
 n - a box of beasts
 p - a piece from Xom's chessboard (15/15)
 s - a lightning rod (4/4)
 T - a phantom mirror


   Skills:
 - Level 20.0 Fighting
 - Level 18.1(19.3) Axes
 - Level 10.1(14.0) Polearms
 + Level 17.1 Armour
 + Level 17.1 Shields
 + Level 2.6 Spellcasting
 - Level 20.0 Invocations
 * Level 5.3 Evocations


You had 23 spell levels left.
You didn't know any spells.
Your spell library contained the following spells:

 Spells                   Type           Power      Damage    Failure   Level
 Beastly Appendage        Tmut           2%         N/A       99%         1
 Kiss of Death            Conj/Necr      4%         2d5       99%         1
 Magic Dart               Conj           4%         1d3       99%         1
 Sting                    Tmut/Pois      4%         1d3       99%         1
 Ensorcelled Hibernation  Hex/Ice        2%         N/A       99%         2
 Momentum Strike          Conj/Tloc      2%         3d8       99%         2
 Poisonous Vapours        Pois/Air       2%         N/A       99%         2
 Searing Ray              Conj           2%         2d4       99%         2
 Wereblood                Tmut           1%         N/A       99%         2
 Confusing Touch          Hex            1%         N/A       100%        3
 Spider Form              Tmut/Pois      1%         N/A       100%        3
 Anguish                  Hex/Necr       0%         N/A       100%        4
 Cause Fear               Hex            0%         N/A       100%        4
 Dispel Undead            Necr           1%         3d6       100%        4
 Fulminant Prism          Conj/Hex       0%         3d5       100%        4
 Olgreb's Toxic Radiance  Pois           1%         N/A       100%        4
 Passage of Golubria      Tloc           1%         N/A       100%        4
 Blade Hands              Tmut           0%         N/A       100%        5
 Irradiate                Conj/Tmut      0%         3d11      100%        5
 Silence                  Hex/Air        0%         N/A       100%        5
 Conjure Ball Lightning   Conj/Air       0%         3x3d6     100%        6
 Dragon Form              Tmut           0%         N/A       100%        7
 Enfeeble                 Hex            0%         N/A       100%        7
 Ozocubu's Refrigeration  Ice            0%         4d7       100%        7
 Discord                  Hex            0%         N/A       100%        8
 Disjunction              Tloc           0%         N/A       100%        8
 Lehudib's Crystal Spear  Conj/Erth      0%         10d2      100%        8
 Polar Vortex             Ice            0%         N/A       100%        9
 Simulacrum               Ice/Necr       Unusable   N/A       N/A         6

Dungeon Overview and Level Annotations

Branches:
Dungeon (15/15)            Temple (0/1) D:4            Lair (5/5) D:9
 Shoals (4/4) Lair:2       Spider (4/4) Lair:3        Slime (0/5) Lair:5
    Orc (2/2) D:11            Elf (0/3) Orc:2        Vaults (0/5) D:13
 Depths (0/4) D:15         Bailey (visited)

Altars:
Sif Muna
Trog
Yredelemnul
Zin
Beogh
Jiyva

Shops:
D:13 *   Orc:1 =*?[[[   Orc:2 :!*:   Shoals:1 **

Annotations:
D:4 2 transporters, Zippel's ghost, amateur DsBe
Shoals:4 Louise


Message History

The storm dragon looks even sicker.
The storm dragon bites you but does no damage.
The storm dragon claws you but does no damage.
The storm dragon tramples you but does no damage.
The merfolk hits something with a +0 trident.
The merfolk impaler is engulfed in poison gas.
The merfolk impaler looks as sick as possible!
The merfolk impaler hits you from afar with a +1 trident of venom.
* * * LOW HITPOINT WARNING * * *
You are more poisoned.
You can move again.
You feel better. The air elemental barely misses you.
You block the air elemental's attack.
A stone arrow appears from out of your range of vision.
The stone arrow hits your bound alligator snapping turtle!!
The merfolk impaler is engulfed in poison gas.
The merfolk impaler looks even sicker.
The storm dragon is engulfed in poison gas.
The storm dragon looks as sick as possible!
The storm dragon bites you but does no damage.
The storm dragon claws you but does no damage.
The storm dragon tramples you but does no damage.
Your searing wretch claws the merfolk aquamancer.
The merfolk aquamancer is engulfed in flames!!
Your searing wretch claws the merfolk aquamancer!
Your searing wretch bites the merfolk aquamancer.
The merfolk impaler looks as sick as possible!
The merfolk impaler hits you from afar with a +1 trident of venom!
* * * LOW HITPOINT WARNING * * *
The merfolk aquamancer hits your searing wretch with a +0 rapier!
You block the air elemental's attack.
You feel better. You block the air elemental's attack.
The merfolk impaler looks as sick as possible!
You block the merfolk impaler's attack. You block the air elemental's attack.
The storm dragon is engulfed in poison gas.
The storm dragon looks as sick as possible!
The storm dragon breathes lightning at you.
The bolt of lightning hits you!!
You die...
Your body rises from the dead as a mindless zombie.

.~.~
....~.#.##..~~.# .
~~~~
#.#.~§§☼@#####.~.
~~ ~.#
#~.~.§#§~§#.|.#.~.
.~# ~~##
§.#.#§|~§§m:# ###
.~. ~~~# §§#
#§§~.#..#§§ ~#
~~~#
§§§§#§).§#~§§#§.
.~~ ~~#~
#m§§#m#Z#☼☼§§§.
.~~ .~#
#§§☼E#Dm§#...# ..~
.~#
...8.#@n#.#.8..
.~~ ~~
.#.#..#§§§§☼§§##
..~ #...###§##§#§#
. ~ .§§ # ~. .#
.§☼☼ ~ .§##§
####### .~§§ §§
#### ......## ##
## ##.~~ ≈8≈≈≈≈.#
#....


You could see a storm dragon (extremely poisoned, catching breath), 2 merfolk
impalers, a merfolk aquamancer (distracted, poisoned, ally target), an air
elemental (ally target), a friendly searing wretch (summoned) and a friendly
bound alligator snapping turtle.

Vanquished Creatures
  Arachne (Spider:3)
  Mlioglotl (Spider:1)
  Asterion (Spider:1)
  6 ghost moths
  3 emperor scorpions
  An ironbound preserver (D:13)
  The ghost of Ebifuf the Severer, a journeyman MiMo of Okawaru (D:14)
  3 broodmothers (Spider:4)
  The ghost of Feguytzu the Basher, a journeyman GrMo of Gozag (Spider:3)
  3 spark wasps
  Azrael (Orc:2)
  2 entropy weavers (Spider:3)
  A merfolk javelineer (Shoals:1)
  6 merfolk impalers
  4 jorogumos
  A catoblepas (Lair:4)
  The ghost of Graphine the Nimble, a journeyman MfGl of Makhleb (Lair:1)
  3 hydras
  7 centaur warriors
  8 boulder beetles
  3 radroaches
  3 two-headed ogres
  2 merfolk aquamancers
  3 tengu warriors (D:14)
  8 death yaks
  A satyr (Shoals:4)
  3 orc high priests (Orc:2)
  A titan zombie (D:15)
  A goliath frog (Lair:5)
  3 skeletal warriors
  2 pharaoh ants
  Lodul (D:11)
  4 skysharks
  3 orb spiders
  2 sea snakes
  A flayed ghost (D:15)
  3 steelbarb worms
  A kraken simulacrum (Shoals:2)
  5 orc knights
  7 harpies
  Pikel (D:5)
  A deep elf pyromancer (D:15)
  18 ugly things
  A necromancer (D:15)
  2 fauns (Shoals:1)
  4 orc sorcerers (Orc:2)
  12 wolf spiders
  8 elephants
  An iron dragon skeleton (D:15)
  5 cyclopes
  9 manticores
  3 moths of wrath
  2 water nymphs
  A demonic crawler (Spider:3)
  5 merfolk sirens
  2 black mambas
  9 cane toads
  2 orange demons (D:12)
  4 torpor snails
  A freezing wraith (D:14)
  An efreet (D:14)
  2 unseen horrors (D:11)
  A kobold demonologist (D:13)
  A spriggan skeleton (D:15)
  7 komodo dragons
  A guardian mummy (D:15)
  A queen bee (Lair:1)
  A tengu conjurer (D:14)
  4 trolls
  2 meliai (D:13)
  17 merfolk
  A polar bear (Lair:4)
  2 tyrant leeches (Lair:5)
  6 wind drakes
  15 tarantellas
  8 dream sheep
  11 blink frogs
  A spriggan zombie (D:15)
  3 hornets
  3 snapping turtles
  3 slime creatures
  9 water elementals
  26 jumping spiders
  2 wyverns
  2 centaur simulacra
  2 wraiths (D:15)
  3 spriggans (Lair:5)
  26 yaks
  11 culicivoras
  Eustachio (D:4)
  A vampire (D:13)
  A fire elemental (Orc:2)
  3 alligator snapping turtle simulacra (Shoals:2)
  3 hogs (Spider:1)
  4 steam dragons
  3 death yak simulacra (Shoals:2)
  6 vampire mosquitoes
  24 redbacks
  3 wargs
  A harpy simulacrum (Shoals:2)
  14 water moccasins
  A hell hound (Orc:2)
  29 orc warriors
  2 satyr simulacra (Shoals:2)
  2 ice beasts (D:7)
  5 black bears
  15 ogres
  A phantom (D:5)
  3 centaurs (D:13)
  6 kobold brigands
  3 faun simulacra (Shoals:2)
  5 scorpions
  14 bullfrogs
  4 gnoll sergeants
  4 wights (D:6)
  13 killer bees
  3 electric eels
  5 howler monkeys
  3 hounds
  A jelly (D:5)
  12 orc priests
  2 cyclops simulacra (Shoals:2)
  4 iguanas
  A sleepcap (D:6)
  13 orc wizards
  7 gnolls
  4 adders
  A shadow imp (D:6)
  2 white imps (D:7)
  4 worms
  2 dart slugs
  59 orcs
  4 bats
  6 endoplasms
  6 giant cockroaches
  8 goblins
  8 hobgoblins
  6 jackals
  19 kobolds
  2 quokkas
  7 ball pythons
  3 frilled lizards
  An orc zombie (Orc:1)
  9 rats
748 creatures vanquished.

Vanquished Creatures (collateral kills)
  An acid blob (D:14)
  The ghost of Nuqinleag the Devastator, an adept GrEE of Vehumet (Spider:3)
  An azure jelly (D:14)
  6 emperor scorpions
  2 frost giants (Shoals:2)
  3 broodmothers (Spider:4)
  An orc warlord (Orc:1)
  The ghost of Quickbrownfox the Covert, a journeyman DsCj of Vehumet (Lair:5)
  A merfolk javelineer (Shoals:4)
  3 merfolk impalers
  4 entropy weavers (Spider:4)
  A catoblepas (Shoals:2)
  2 hydras (Lair:5)
  A jorogumo (Spider:4)
  A merfolk aquamancer (Shoals:4)
  A radroach (Spider:4)
  4 boulder beetles
  A death knight (D:15)
  5 death yaks (Lair:5)
  An orc high priest (Orc:2)
  3 pharaoh ants
  3 skysharks (Lair:5)
  5 sea snakes
  An orb spider (Spider:4)
  A flayed ghost (D:15)
  The ghost of jaiteiro the Digger, a novice TrEE (D:6)
  A lindwurm (Lair:5)
  2 deep elf pyromancers
  10 harpies
  4 ugly things
  2 steelbarb worms
  5 manticores
  7 wolf spiders
  A cyclops (Shoals:1)
  2 fauns (Shoals:1)
  An orc sorcerer (Orc:2)
  3 black mambas
  3 moths of wrath
  Maurice (D:11)
  3 merfolk sirens
  3 water nymphs
  5 elephants
  A centaur zombie (D:13)
  3 eyes of devastation (D:14)
  9 cane toads
  A torpor snail (Spider:4)
  2 orange demons (D:12)
  A rime drake (Lair:3)
  2 komodo dragons
  A freezing wraith (D:15)
  2 trolls (Orc:2)
  A tyrant leech (Lair:5)
  A meliai (D:13)
  A polar bear (Lair:2)
  4 wind drakes
  5 tarantellas
  8 merfolk
  A hornet (Lair:1)
  17 blink frogs
  7 snapping turtles
  7 dream sheep
  9 jumping spiders
  6 slime creatures
  A wraith (D:12)
  2 spriggans (Lair:5)
  2 air elementals (Shoals:4)
  4 culicivoras
  5 yaks
  11 water elementals
  2 steam dragons
  19 redbacks
  4 vampire mosquitoes
  2 basilisks
  A sea snake simulacrum (Shoals:2)
  A death yak simulacrum (Shoals:2)
  A hell hound (Orc:2)
  6 water moccasins
  5 orc warriors
  7 ogres
  A centaur (D:13)
  7 bullfrogs
  A merfolk simulacrum (Shoals:2)
  A gnoll sergeant (D:11)
  A wight (D:6)
  2 killer bees (Lair:1)
  A snapping turtle simulacrum (Shoals:2)
  3 howler monkeys (D:7)
  3 orc priests
  A hound (D:7)
  A jelly (D:7)
  An iguana (D:5)
  An orc wizard (Orc:2)
  A white imp (D:5)
  An ufetubus (D:7)
  10 orcs
  A kobold (D:10)
  A butterfly (Lair:4)
308 creatures vanquished.

Vanquished Creatures (others)
  Kirke (Spider:1)
  A spectral cyclops (Shoals:2)
  A spectral human (Spider:2)
  An acid blob zombie (D:14)
  A spectral emperor scorpion (Spider:4)
  A spectral spark wasp (Spider:3)
  A spectral merfolk (Shoals:4)
  3 emperor scorpion zombies
  A spark wasp zombie (Spider:4)
  A ghost moth zombie (Spider:4)
  A spectral orb spider (Shoals:1)
  3 ugly thing zombies
  A goliath frog zombie (Lair:5)
  A wolf spider zombie (Spider:4)
  2 broodmother zombies (Spider:4)
  A spectral skyshark (Orc:1)
  A spectral efreet (Orc:2)
  A sea snake zombie (Shoals:3)
  3 death yak zombies
  An unseen horror zombie (D:11)
  An orb spider zombie (Spider:4)
  10 redback zombies
  A moth of wrath zombie (Spider:4)
  4 harpy zombies
  3 hydra zombies
  2 meliai zombies (D:13)
  A radroach zombie (Spider:4)
  4 jumping spider zombies
  6 tarantella zombies
  A boulder beetle zombie (Spider:3)
  3 culicivora zombies
  4 wind drake zombies (Shoals:4)
  2 entropy weaver zombies
  5 merfolk zombies
  3 skyshark zombies
  A hell hound (Orc:2)
  3 cane toad zombies (Lair:5)
  A manticore zombie (D:13)
  A dream sheep zombie (Shoals:4)
  A hornet zombie (Lair:1)
  10 blink frog zombies
  An elephant zombie (Lair:2)
  2 vampire mosquito zombies (Lair:5)
  3 hell hound zombies (Orc:2)
  3 water moccasin zombies
  3 warg zombies
  4 yak zombies
  A tengu zombie (D:14)
  A troll zombie (Orc:2)
  5 bullfrog zombies
  4 centaur zombies
  3 scorpion zombies
  3 killer bee zombies
  6 ogre zombies
  A hound zombie (D:6)
  40 orc zombies
  An adder zombie (D:6)
  A gnoll zombie (D:11)
  2 starspawn tentacles (Spider:1)
  8 tentacles (Shoals:2)
186 creatures vanquished.

Grand Total: 1242 creatures vanquished

Notes
Turn   | Place    | Note
-------+----------+-------------------------------------------
     0 | D:1      | Graphine the Hill Orc Fighter began the quest for the Orb.
     0 | D:1      | Reached XP level 1. HP: 19/19 MP: 1/1
   253 | D:1      | Reached XP level 2. HP: 26/27 MP: 2/2
  1166 | D:2      | Reached XP level 3. HP: 33/33 MP: 3/3
  1270 | D:2      | Reached skill level 1 in Invocations
  1313 | D:2      | Found a faded altar of an unknown god.
  1454 | D:2      | Found a shimmering blue altar of Sif Muna.
  1560 | D:3      | Reached XP level 4. HP: 20/40 MP: 3/5
  2053 | D:3      | Noticed a bullfrog
  2067 | D:3      | Killed a bullfrog
  2068 | D:3      | Reached XP level 5. HP: 34/47 MP: 6/6
  2484 | D:4      | Noticed Eustachio
  2501 | D:4      | Killed Eustachio
  2502 | D:4      | Reached skill level 5 in Axes
  2502 | D:4      | Reached XP level 6. HP: 21/55 MP: 6/8
  2637 | D:4      | Found a transporter.
  2642 | D:4      | Noticed Zippel's ghost (amateur DsBe)
  2779 | D:4      | You fall into a shaft and drop 2 floors!
  2817 | D:5      | Entered Level 5 of the Dungeon
  2817 | D:5      | Noticed Pikel
  2823 | D:5      | Killed Pikel
  2824 | D:5      | Reached skill level 5 in Fighting
  2824 | D:5      | Reached skill level 5 in Shields
  2824 | D:5      | Reached XP level 7. HP: 57/61 MP: 8/10
  2840 | D:5      | Got the Omnibus of Gravity
  2861 | D:5      | Found a basalt altar of Yredelemnul.
  2871 | D:5      | Became a worshipper of Yredelemnul the Dark
  2899 | D:5      | Reached skill level 5 in Armour
  2899 | D:5      | Reached XP level 8. HP: 69/69 MP: 11/11
  2957 | D:4      | Reached * piety under Yredelemnul
  2977 | D:4      | Found a glowing silver altar of Zin.
  2977 | D:4      | Found a bloodstained altar of Trog.
  3029 | D:4      | Found a staircase to the Ecumenical Temple.
  3056 | D:4      | Reached ** piety under Yredelemnul
  3180 | D:4      | Found a transporter.
  3484 | D:5      | Reached skill level 5 in Invocations
  3650 | D:5      | Reached *** piety under Yredelemnul
  4003 | D:6      | Reached XP level 9. HP: 78/78 MP: 13/13
  4619 | D:6      | Found a runed translucent gate.
  4620 | D:6      | Found a runed translucent gate.
  4620 | D:6      | Found a runed translucent gate.
  4652 | D:6      | Identified the amulet "Wanwyuce" {Acrobat Fragile Will+++
                  | rCorr Dex+2}
  5094 | D:6      | Noticed jaiteiro's ghost (novice TrEE)
  5110 | D:6      | Killed jaiteiro's ghost
  5111 | D:6      | Reached skill level 10 in Axes
  5503 | D:7      | Reached XP level 10. HP: 83/86 MP: 15/15
  5902 | D:7      | Reached **** piety under Yredelemnul
  5984 | D:7      | Reached ***** piety under Yredelemnul
  6693 | D:8      | Found a flagged portal.
  6703 | Bailey   | Entered a bailey
  6937 | Bailey   | Noticed an orc knight
  6948 | Bailey   | Killed an orc knight
  6956 | Bailey   | Identified the +1 executioner's axe "Mojoclaq" {flame, rF+
                  | Int+4 Dex+4}
  6964 | Bailey   | Reached skill level 10 in Invocations
  6964 | Bailey   | Reached XP level 11. HP: 61/104 MP: 16/18
  7859 | D:9      | Found a staircase to the Lair.
  8435 | Lair:1   | Entered Level 1 of the Lair of Beasts
  8558 | Lair:1   | Found a transporter.
  8562 | Lair:1   | Found a transporter.
  8563 | Lair:1   | Noticed Graphine's ghost (journeyman MfGl)
  8586 | Lair:1   | Reached XP level 12. HP: 96/113 MP: 20/20
  9391 | Lair:1   | Killed Graphine's ghost
  9410 | Lair:1   | Identified the +0 kite shield of Intercession {MP+9 Int-5
                  | SInv Stlth+}
  9528 | Lair:2   | Reached skill level 15 in Fighting
  9528 | Lair:2   | Reached skill level 15 in Axes
  9528 | Lair:2   | Reached XP level 13. HP: 127/127 MP: 22/22
  9727 | Lair:2   | Reached ****** piety under Yredelemnul
  9756 | Lair:2   | Reached skill level 10 in Shields
  9792 | Lair:2   | Found a staircase to the Shoals.
  9806 | Lair:2   | Reached skill level 10 in Armour
 10426 | Lair:3   | Found a hole to the Spider Nest.
 10533 | Lair:3   | Reached XP level 14. HP: 138/138 MP: 24/24
 10806 | Lair:3   | Found a gate leading to a gauntlet.
 12175 | Lair:5   | Entered Level 5 of the Lair of Beasts
 12315 | Lair:5   | Reached skill level 15 in Invocations
 12764 | Lair:5   | Reached XP level 15. HP: 132/149 MP: 26/26
 12814 | Lair:5   | Found a staircase to the Slime Pits.
 12815 | Lair:5   | Found a viscous altar of Jiyva.
 12826 | Lair:5   | Noticed Quickbrownfox's ghost (journeyman DsCj)
 12852 | Lair:5   | Found a transporter.
 12856 | Lair:5   | Found a bloodstained altar of Trog.
 12860 | Lair:5   | Found a transporter.
 13388 | Lair:5   | Killed Quickbrownfox's ghost
 13694 | D:10     | Entered Level 10 of the Dungeon
 13788 | D:10     | Identified the +5 demon trident "Nuficlec" {flame, Dex+4}
 14541 | D:11     | Noticed Maurice
 14547 | D:11     | Killed Maurice
 14660 | D:11     | Found a staircase to the Orcish Mines.
 15294 | D:11     | Noticed Lodul
 15308 | D:11     | Killed Lodul
 15509 | Orc:1    | Entered Level 1 of the Orcish Mines
 15509 | Orc:1    | Found Tewkuff's Antique Armour Emporium.
 15597 | Orc:1    | Found Meoteoso's Overcharged Wands.
 15612 | Orc:1    | Found Ynaunlapn's Antique Armour Shoppe.
 15633 | Orc:1    | Found Nuwkiash's Magic Scroll Shop.
 15645 | Orc:1    | Bought a slimy scarf for 310 gold pieces
 15645 | Orc:1    | Identified the scarf of Xuer {rC+ rF+, rN+ Str+2 SInv} (You
                  | bought it in a shop on level 1 of the Orcish Mines)
 15709 | Orc:1    | Bought a scroll of enchant weapon for 97 gold pieces
 15709 | Orc:1    | Bought a scroll of enchant armour for 97 gold pieces
 15823 | Orc:1    | Noticed an orc warlord
 15842 | Orc:1    | Killed an orc warlord
 15955 | Orc:1    | Found Gydatru's Jewellery Boutique.
 16016 | Orc:1    | Found Boroikh's Armour Shop.
 16117 | Orc:2    | Entered Level 2 of the Orcish Mines
 16294 | Orc:2    | Found a roughly hewn altar of Beogh.
 16302 | Orc:2    | Reached skill level 1 in Polearms
 16499 | Orc:2    | Found a roughly hewn altar of Beogh.
 16505 | Orc:2    | Noticed Azrael
 16518 | Orc:2    | Killed Azrael
 16807 | Orc:2    | Found Tutoc's Book Boutique.
 16847 | Orc:2    | Your ally Azrael died
 16869 | Orc:2    | Found Aptegus's Assorted Antiques.
 17298 | Orc:2    | Found a staircase to the Elven Halls.
 17832 | Orc:2    | Found Simubug's Book Boutique.
 17866 | Orc:2    | Found Vatu's Distillery.
 18756 | D:13     | Identified the +9 spear "Limueck" {pain, *Corrode rPois
                  | Will+ Str+5}
 18857 | D:13     | Reached XP level 16. HP: 124/160 MP: 28/28
 19028 | D:13     | Identified the +9 morningstar of Odos {flame, rPois Str+3}
 19200 | D:13     | Found Feekloi's General Store.
 19209 | D:13     | Bought a scroll of enchant weapon for 120 gold pieces
 19753 | D:13     | Found a gate to the Vaults.
 19928 | D:14     | Found a shimmering blue altar of Sif Muna.
 19971 | D:14     | Reached skill level 5 in Polearms
 20579 | D:14     | Found a runed translucent gate.
 20579 | D:14     | Found a runed translucent gate.
 20579 | D:14     | Noticed an azure jelly
 20580 | D:14     | Found a runed translucent gate.
 20580 | D:14     | Noticed an acid blob
 20581 | D:14     | Noticed Ebifuf's ghost (journeyman MiMo)
 20584 | D:14     | Found a viscous altar of Jiyva.
 20614 | D:14     | Killed an acid blob
 20626 | D:14     | Killed Ebifuf's ghost
 20628 | D:14     | Killed an azure jelly
 20647 | D:14     | Identified the staff of fire "Gykk" {Contam rF+ Int+5}
 21258 | D:15     | Entered Level 15 of the Dungeon
 21263 | D:15     | Found a staircase to the Depths.
 22875 | Spider:1 | Entered Level 1 of the Spider Nest
 22977 | Spider:1 | Noticed Mlioglotl
 22983 | Spider:1 | Noticed a tentacled starspawn
 22987 | Spider:1 | Killed Mlioglotl
 22988 | Spider:1 | Reached XP level 17. HP: 151/170 MP: 30/30
 23442 | Spider:1 | Noticed Donald
 23454 | Spider:1 | Killed Donald
 23454 | Spider:1 | Enslaved Donald
 23590 | Spider:1 | Noticed Asterion
 23603 | Spider:1 | Killed Asterion
 23696 | Spider:1 | Noticed Kirke
 23698 | Spider:1 | You fall into a shaft and drop 1 floor!
 23781 | Spider:2 | Noticed Frances
 23805 | Spider:2 | Killed Frances
 23805 | Spider:2 | Enslaved Frances
 24236 | Spider:1 | Killed Kirke
 24453 | Spider:2 | Your ally Frances died
 25379 | Spider:3 | Noticed Arachne
 25389 | Spider:3 | Found a runed translucent gate.
 25389 | Spider:3 | Found a runed translucent gate.
 25389 | Spider:3 | Found a runed translucent gate.
 25708 | Spider:3 | Reached skill level 10 in Polearms
 26086 | Spider:3 | Noticed Nuqinleag's ghost (adept GrEE)
 26086 | Spider:3 | Noticed Feguytzu's ghost (journeyman GrMo)
 26123 | Spider:3 | Gained mutation: Your spells are a little harder to cast,
                  | but a little more powerful. [mutagenic glow]
 26135 | Spider:3 | Lost mutation: Your spells are a little harder to cast, but
                  | a little more powerful. [mutagenic glow]
 26516 | Spider:3 | Killed Arachne
 27121 | Spider:3 | Killed Feguytzu's ghost
 27128 | Spider:3 | Killed Nuqinleag's ghost
 27139 | Spider:3 | Identified the ring "Irieg" {Fire rPois}
 27160 | Spider:4 | Entered Level 4 of the Spider Nest
 27214 | Spider:4 | Reached XP level 18. HP: 141/178 MP: 2/32
 27432 | Spider:4 | Identified the +7 short sword of Sickiry {venom, rPois
                  | Dex+3}
 27947 | Spider:4 | Identified the +1 sling "Syriunef" {freeze, rPois rN+
                  | Str+3}
 28150 | Spider:4 | Reached skill level 15 in Armour
 28150 | Spider:4 | Reached skill level 15 in Shields
 28297 | Spider:4 | Got a gossamer rune of Zot
 28854 | Shoals:1 | Entered Level 1 of the Shoals
 28861 | Shoals:1 | Found Neypuad's General Store.
 28874 | Shoals:1 | Found Luluiwn's Specific Store.
 28904 | Shoals:1 | Bought a +0 crystal plate armour for 1040 gold pieces
 28904 | Shoals:1 | Bought a scroll of enchant armour for 97 gold pieces
 29920 | Shoals:2 | Noticed Polyphemus
 29988 | Shoals:2 | HP: 6/178 [merfolk/+0 glaive[a merfolk impaler] (17)]
 30393 | Shoals:2 | Identified the +5 short sword of Iconoclasm {antimagic,
                  | Str+2}
 30491 | Shoals:2 | Killed Polyphemus
 30491 | Shoals:2 | Enslaved Polyphemus
 31043 | Shoals:2 | Found a runed translucent gate.
 31044 | Shoals:2 | Found a runed translucent gate.
 31045 | Shoals:2 | Found a runed translucent gate.
 31097 | Shoals:2 | Your ally Polyphemus died
 31561 | Shoals:3 | Reached XP level 19. HP: 179/185 MP: 33/33
 31698 | Shoals:3 | Reached skill level 1 in Evocations
 31853 | Shoals:3 | Reached skill level 1 in Spellcasting
 32124 | Shoals:4 | Entered Level 4 of the Shoals
 32180 | Shoals:4 | Paralysed by an air elemental for 1 turns
 32233 | Shoals:4 | Paralysed by an air elemental for 1 turns
 32375 | Shoals:4 | Identified the +5 swamp dragon scales of Iseitap {rPois
                  | Regen+ Str+4}
 32375 | Shoals:4 | Identified the ring of Ojuiwyun {+Blink rPois rC+ MP-9
                  | Dex-5}
 32523 | Shoals:4 | Reached skill level 5 in Evocations
 32878 | Shoals:4 | Noticed Louise
 32897 | Shoals:4 | Paralysed by an air elemental for 1 turns
 32899 | Shoals:4 | Killed from afar by a storm dragon

Illustrated notes

Levels and vault maps discovered:
D:1:      eino_arrival_cavern_b, layout_basic
D:2:      layout_basic, basic_altar,
          dreamdust_ecumenical_altar_hidden_monk_grotto
D:3:      layout_loops_ring, chequers_serial_rivers_micro_c,
          chequers_serial_rivers_small_3, kennysheep_another_room
D:4:      layout_rooms, jmf_multi_god_temple, temple_pool_b,
          gammafunk_ghost_stat_death, uniq_eustachio
D:5:      layout_cave_pools, yredelemnul_altar_generic, uniq_pikel
D:6:      layout_loops_corners, ebering_ghost_rock_garden,
          minmay_manual_mandibuliform
D:7:      layout_cave_pods
D:8:      layout_cave_pods, enter_bailey_3, serial_bayou_pond_c
D:9:      layout_rooms, due_lair_maze_entry_diamond, reono_crystal_passage,
          grunt_decor_one_mirror, nicolae_two_hexagons, serial_park_tiny_pond
D:10:     layout_loops_ring
D:11:     layout_roguey, kennysheep_orc_monster_closet_entryway, uniq_lodul,
          uniq_maurice
D:12:     layout_rooms, einodemon_barbed_minivault
D:13:     layout_roguey, skrybe_vaults_entry_preservation, serial_shops, shop
D:14:     layout_loops_ring, gammafunk_ghost_ooze, led_sif_pool
D:15:     gammafunk_depths_entry_grave, layout_loops_ring,
          hangedman_abyss_or_decor_clamps
Lair:1:   layout_regular_city, gammafunk_ghost_hive, grunt_megastairs_1
Lair:2:   layout_misc_corridors, minmay_shoals_entry_beasts,
          serial_bayou_shore_b
Lair:3:   layout_gridlike, dummy_spider_entry, gauntlet_entry_generic
Lair:4:   layout_regular_city, lemuel_fruit_fields
Lair:5:   minmay_lair_end_frog_pond, layout_loops_ring, slime_entry_1,
          gammafunk_ghost_wrathful_warriors, chequers_serial_rivers_micro_c,
          grunt_forest_small_clearings
Shoals:1: layout_shoals, nicolae_specific_store
Shoals:2: layout_shoals, nicolae_shoals_beach_cooler, uniq_polyphemus
Shoals:3: layout_shoals
Shoals:4: shoals_end_hellmonk_storm_palace [storm_palace_center_ruins,
          storm_palace_corner_grid, storm_palace_corner_grid,
          storm_palace_corner_pillars, storm_palace_corner_pillars], uniq_louise
Spider:1: layout_cave_pods, uniq_donald, uniq_kirke, uniq_asterion,
          uniq_mlioglotl
Spider:2: layout_spider_delve, guppyfry_spider_mini_1, uniq_frances
Spider:3: layout_spider_delve, gammafunk_ghost_cemetery, hellmonk_test_site,
          uniq_arachne
Spider:4: hellmonk_spider_rune_endless_swarm, nicolae_spider_jagged_tunnels
Orc:1:    layout_caves, serial_shops, shop, nicolae_shop_pleasant_corner_grove,
          nicolae_shop_advertising_works [nicolae_subvault_shop_adworks], shop,
          shop, nicolae_shop_overcharged_wands
Orc:2:    st_orc_elflike, layout_diamond_mine, basic_altar,
          nicolae_orc_lost_temple, uniq_azrael

Skill      XL: |  1  2  3  4  5  6  7  8  9 10 11 12 13 14 15 16 17 18 19 |
---------------+----------------------------------------------------------+-----
Axes           | 3 4 5 7 8 10 13 15 16 17 18 | 18.1
Fighting       | 4 5 6 7 11 12 15 16 18 19 20 | 20.0
Invocations    | 1 2 3 4 5 7 10 12 13 15 17 18 20 | 20.0
Shields        | 4 5 6 7 8 9 10 11 12 14 16 17 | 17.1
Armour         | 4 5 7 8 9 10 11 12 14 16 17 | 17.1
Polearms       | 4 7 10 | 10.1
Evocations     | 5 |  5.3
Spellcasting   | 2 |  2.6

Action                     |  1- 3 |  4- 6 |  7- 9 | 10-12 | 13-15 | 16-18 | 19-21 || total
---------------------------+-------+-------+-------+-------+-------+-------+-------++-------
  Melee: War axe           |    83 |   104 |   200 |   363 |   476 |       |       ||  1226
         Staff             |       |       |       |       |     2 |       |       ||     2
         Demon trident     |       |       |       |       |   309 |  1228 |   183 ||  1720
  Throw: Throwing net      |       |       |     1 |       |       |       |       ||     1
 Invoke: Recall Undead Har |       |       |     6 |     8 |     8 |     8 |     2 ||    32
         Dark Bargain      |       |       |     3 |     1 |       |    13 |     4 ||    21
         Bind Soul         |       |       |       |       |     4 |     7 |     4 ||    15
  Evoke: Phantom mirror    |       |       |       |       |       |     1 |       ||     1
    Use: Scroll            |     7 |     2 |     6 |     7 |    13 |    11 |     5 ||    51
         Potion            |       |     2 |       |     4 |     5 |    15 |     6 ||    32
   Stab: Distracted        |       |       |     4 |     1 |    13 |    18 |     5 ||    41
         Petrified         |       |       |       |       |    43 |     4 |       ||    47
         Petrifying        |       |       |       |       |     3 |       |       ||     3
         Fleeing           |       |       |       |       |     1 |       |       ||     1
         Held in net/web   |       |       |       |       |       |     2 |       ||     2
         Invisible         |       |       |       |       |       |     4 |       ||     4
         Paralysed         |       |       |       |       |       |       |     1 ||     1
 Armour: Scale mail        |    35 |    39 |    82 |    39 |       |       |       ||   195
         Plate armour      |       |       |       |    96 |   292 |   485 |       ||   873
         Crystal plate arm |       |       |       |       |       |    70 |    82 ||   152
  Dodge: Dodged            |    37 |    33 |    54 |    97 |   112 |   253 |    39 ||   625
  Block: Buckler           |    47 |    51 |   102 |   218 |       |       |       ||   418
         Reflection        |       |     1 |       |    14 |    14 |       |       ||    29
         Kite shield       |       |       |       |       |   488 |   544 |   101 ||  1133
